 Dungeon Crawl Stone Soup version 0.31-a0-844-gdc52ec4e09 (webtiles) character file.

Game seed: 2876713943829073934

5439 Babanne the Brawler (level 10, -1/147 HPs)
             Began as a Troll Berserker on Sept 30, 2023.
             Was an Elder of Trog.
             Slain by a wolf (6 damage)
             ... on level 1 of the Lair of Beasts.
             The game lasted 01:05:40 (7053 turns).

Babanne the Brawler (Troll Berserker)               Turns: 7053, Time: 01:05:40

Health: -1/147     AC:  6    Str: 31    XL:     10   Next: 41%
Magic:  9/9        EV: 11    Int:  3    God:    Trog [****..]
Gold:   561        SH:  0    Dex:  9    Spells: 9/9 levels left

rFire   + .          .
                       - Unarmed
rCold   . . .        (no shield)
rNeg    . . .        s - +2 robe {Will+}
rPois   +            (helmet restricted)
rElec   .            (no cloak)
rCorr   .            (gloves unavailable)
SInv    .            (boots unavailable)
Will    +++..        (no amulet) Stlth
                     o - ring of poison resistance
HPRegen 2.24/turn    n - ring of protection from fire
MPRegen 0.11/turn

%: no passive effects
@: berserking, strong-willed, regenerating, studying Fighting, very quick
A: large, unfitting armour, claws 3, regeneration 1, shaggy fur 1, tough skin 1
a: Renounce Religion, Berserk, Trog's Hand, Brothers in Arms


You were on level 1 of the Lair of Beasts.
You worshipped Trog.
Trog was greatly pleased with you.
You visited 2 branches of the dungeon, and saw 9 of its levels.

You collected 561 gold pieces.

Inventory:

Armour
 s - a +2 robe of willpower (worn)
Jewellery
 n - a ring of protection from fire (right claw)
 o - a ring of poison resistance (left claw)
Wands
 B - a wand of iceblast (7)
Scrolls
 c - 4 scrolls of identify
 f - a scroll of amnesia {unknown}
 h - 3 scrolls of teleportation
 i - 3 scrolls of summoning
 j - a scroll of enchant weapon {unknown}
 l - a scroll of vulnerability
 m - a scroll of noise {unknown}
 p - a scroll of fog
 r - a scroll of immolation
 x - a scroll of acquirement
 y - a scroll of revelation {unknown}
 z - a scroll of enchant armour {unknown}
 C - a scroll of poison {unknown}
Potions
 a - a potion of heal wounds {unknown}
 b - a potion of magic {unknown}
 d - a potion of berserk rage
 e - 3 potions of attraction {unknown}
 g - a potion of enlightenment {unknown}
 k - a potion of might {unknown}
 q - a potion of invisibility {unknown}
 t - a potion of brilliance {unknown}
 u - a potion of mutation {unknown}
 v - a potion of curing {unknown}
 w - 2 potions of lignification {unknown}
 A - a potion of haste {unknown}


   Skills:
 + Level 5.9 Fighting
 + Level 6.1 Dodging
 + Level 3.6 Stealth
 + Level 15.3 Unarmed Combat


You had 9 spell levels left.
You didn't know any spells.
Your spell library contained the following spells:

 Spells                   Type           Power      Damage    Failure   Level
 Apportation              Tloc           0%         N/A       52%         1
 Necrotise                Necr           0%         1d4       52%         1
 Summon Small Mammal      Summ           0%         N/A       52%         1
 Ensorcelled Hibernation  Hex/Ice        0%         N/A       67%         2
 Jinxbite                 Hex            0%         N/A       67%         2
 Sublimation of Blood     Necr           0%         N/A       67%         2
 Wereblood                Tmut           0%         N/A       67%         2
 Vampiric Draining        Necr           0%         2d6       88%         3
 Anguish                  Hex/Necr       0%         N/A       99%         4
 Petrify                  Tmut/Erth      0%         N/A       99%         4
 Agony                    Necr           0%         N/A       100%        5
 Irradiate                Conj/Tmut      0%         3d11      100%        5
 Simulacrum               Ice/Necr       0%         N/A       100%        6
 Ozocubu's Refrigeration  Ice            0%         4d7       100%        7
 Summon Hydra             Summ           0%         N/A       100%        7
 Polar Vortex             Ice            0%         N/A       100%        9


Dungeon Overview and Level Annotations

Branches:
Dungeon (8/15)             Temple (0/1) D:5            Lair (1/5) D:8

Altars:
Dithmenos
Fedhas
Gozag
Sif Muna
Uskayaw
Xom
Zin

Annotations:
D:3 1 transporter
D:8 2 transporters


Innate Abilities, Weirdness & Mutations

You are too large for most types of armour.
You have claws for hands.
Your natural rate of healing is unusually fast.
You are covered in fur. (AC +1)
You have tough skin. (AC +1)


Message History

The wolf bites you but does no damage.
You claw the boulder beetle!
The boulder beetle is heavily wounded.
The boulder beetle leaps!
The wolf bites you but does no damage. x2
You closely miss the wolf. The wolf bites you. The wolf completely misses you.
You miss the wolf. The wolf bites you! The wolf bites you.
You are too injured to fight recklessly!
You are too injured to fight recklessly!
You are too injured to fight recklessly!
You are too injured to fight recklessly!
You are too injured to fight recklessly!
You closely miss the wolf. The wolf bites you but does no damage.
The wolf misses you.
The boulder beetle curls into a ball and begins rolling!
You mangle the wolf!!
You kill the wolf!
Trog accepts your kill. The wolf bites you! x2
The wolf attacks as it pursues you! The wolf bites you.
* * * LOW HITPOINT WARNING * * *
You barely miss the wolf. The wolf bites you but does no damage.
The boulder beetle barely misses you.
The boulder beetle stops rolling and uncurls.
You completely miss the wolf. The wolf closely misses you. x2
You mangle the wolf!!
The wolf is severely wounded.
The boulder beetle bites you!!
* * * LOW HITPOINT WARNING * * *
The wolf bites you.
* * * LOW HITPOINT WARNING * * *
Your skin crawls.
You feel strong-willed. The wolf bites you!
* * * LOW HITPOINT WARNING * * *
The boulder beetle bites you.
* * * LOW HITPOINT WARNING * * *
The wolf closely misses you.
A red film seems to cover your vision as you go berserk!
You feel yourself moving faster!
You feel mighty! The wolf bites you.
You die...

.# #.#####
....... (.... #
#...# #. #...#
#.. #.†.## #...
#.hB.# .....
##@### .#
#.>...#.####..##
...............#
........<.....#
#####.##.######
## ###


You could see a boulder beetle and a wolf.

Vanquished Creatures
  The ghost of Ethylacetat the Covert, a novice OpGl (D:7)
  Pikel (D:5)
  A troll (D:5)
  Prince Ribbit (D:7)
  A hornet (D:8)
  Sigmund (D:4)
  An acid dragon (D:7)
  2 water moccasins
  Duvessa (D:6)
  2 sky beasts
  A black bear (D:5)
  An ice beast (D:6)
  2 wolves (Lair:1)
  An ogre (D:5)
  A phantom (D:5)
  2 bullfrogs (D:8)
  7 kobold brigands
  9 wights (D:8)
  Dowan (D:6)
  2 howler monkeys
  4 electric eels (D:6)
  3 jellies
  5 orc priests
  6 hounds
  A gnoll bouda (D:5)
  7 orc wizards
  A sleepcap (D:5)
  5 iguanas
  Ijyb (D:4)
  Robin (D:4)
  17 gnolls
  7 adders
  A river rat (D:4)
  A shadow imp (D:6)
  2 white imps
  2 worms (D:4)
  3 dart slugs
  25 orcs
  4 bats
  5 endoplasms
  6 giant cockroaches
  15 goblins
  9 hobgoblins
  10 jackals
  4 quokkas
  9 ball pythons
  45 kobolds
  2 rats
240 creatures vanquished.

Vanquished Creatures (others)
  A kobold (D:6)
1 creature vanquished.

Grand Total: 241 creatures vanquished

Notes
Turn   | Place    | Note
-------+----------+-------------------------------------------
     0 | D:1      | Babanne the Troll Berserker began the quest for the Orb.
     0 | D:1      | Reached XP level 1. HP: 22/22 MP: 0/0
   138 | D:1      | Reached XP level 2. HP: 29/29 MP: 1/1
   786 | D:1      | Reached XP level 3. HP: 36/36 MP: 2/2
  1090 | D:3      | Reached ** piety under Trog
  1125 | D:3      | Found a transporter.
  1167 | D:3      | Found a transporter.
  1356 | D:4      | Noticed Robin
  1364 | D:4      | Reached skill level 4 in Unarmed Combat
  1373 | D:4      | Reached XP level 4. HP: 45/45 MP: 3/3
  1392 | D:4      | Killed Robin
  1406 | D:4      | Identified 2 scrolls of acquirement
  1406 | D:4      | Acquired a manual of Unarmed Combat
  1416 | D:4      | Acquired a manual of Fighting
  1482 | D:4      | Noticed a water moccasin
  1496 | D:4      | Killed a water moccasin
  1497 | D:4      | Reached skill level 5 in Unarmed Combat
  1497 | D:4      | Reached XP level 5. HP: 16/53 MP: 4/4
  1586 | D:4      | Noticed Sigmund
  1592 | D:4      | Killed Sigmund
  1593 | D:4      | Reached skill level 7 in Unarmed Combat
  1593 | D:4      | Reached XP level 6. HP: 62/62 MP: 5/5
  1663 | D:4      | Noticed Ijyb
  1679 | D:4      | Killed Ijyb
  1680 | D:4      | Reached skill level 1 in Stealth
  1715 | D:4      | Found a shadowy altar of Dithmenos.
  1910 | D:4      | Found a glowing drain.
  1915 | D:4      | Reached XP level 7. HP: 61/68 MP: 6/6
  1921 | D:4      | Reached *** piety under Trog
  1996 | D:3      | Reached skill level 8 in Unarmed Combat
  2619 | D:5      | Entered Level 5 of the Dungeon
  2804 | D:5      | Reached skill level 9 in Unarmed Combat
  2835 | D:5      | Noticed a troll
  2845 | D:5      | Killed a troll
  2910 | D:5      | Found a staircase to the Ecumenical Temple.
  2948 | D:5      | Reached XP level 8. HP: 78/79 MP: 7/7
  3022 | D:5      | Reached skill level 10 in Unarmed Combat
  3057 | D:5      | Noticed Pikel
  3066 | D:5      | Killed Pikel
  3067 | D:5      | Reached skill level 11 in Unarmed Combat
  3094 | D:5      | Reached skill level 5 in Fighting
  3101 | D:5      | Found a shimmering blue altar of Sif Muna.
  3846 | D:6      | Found a glowing silver altar of Zin.
  3852 | D:6      | Reached skill level 5 in Dodging
  3852 | D:6      | Reached skill level 12 in Unarmed Combat
  3938 | D:6      | Noticed Duvessa
  3942 | D:6      | Noticed Dowan
  3945 | D:6      | Killed Duvessa
  3946 | D:6      | Reached XP level 9. HP: 88/88 MP: 8/8
  3947 | D:6      | Found a shimmering altar of Xom.
  3951 | D:6      | Killed Dowan
  4228 | D:6      | Found an opulent altar of Gozag.
  4229 | D:6      | Found a blossoming altar of Fedhas.
  4269 | D:6      | Reached **** piety under Trog
  4653 | D:6      | Reached skill level 13 in Unarmed Combat
  4853 | D:6      | Identified the +0 ring mail of an ice cave {rElec rC+ SInv}
  4917 | D:6      | Reached ***** piety under Trog
  4921 | D:6      | Received a gift from Trog
  5380 | D:7      | Noticed Prince Ribbit
  5392 | D:7      | Reached skill level 14 in Unarmed Combat
  5400 | D:7      | Killed Prince Ribbit
  5565 | D:7      | Found a large runed translucent door.
  5566 | D:7      | Found a large runed translucent door.
  5567 | D:7      | Noticed Ethylacetat's ghost (novice OpGl)
  5589 | D:7      | Killed Ethylacetat's ghost
  5590 | D:7      | Reached XP level 10. HP: 82/98 MP: 9/9
  5924 | D:7      | Found a hide-covered altar of Uskayaw.
  6117 | D:8      | Found a staircase to the Lair.
  6189 | D:8      | Reached skill level 15 in Unarmed Combat
  6425 | D:8      | Paralysed by a hornet for 2 turns
  6544 | D:8      | Found a transporter.
  6546 | D:8      | Found a transporter.
  6550 | D:8      | Found a transporter.
  6803 | D:8      | Found a transporter.
  7027 | Lair:1   | Entered Level 1 of the Lair of Beasts
  7031 | Lair:1   | Noticed a boulder beetle
  7052 | Lair:1   | HP: 2/98 [boulder beetle (3)]
  7053 | Lair:1   | Slain by a wolf

Illustrated notes

Levels and vault maps discovered:
D:1:      pf_arrival_petrified_forest, layout_basic
D:2:      layout_rooms, minmay_tromino_v7
D:3:      gammafunk_wand_slinger, layout_loops_ring, cheibrodos_gnoll_hut
D:4:      layout_cave_pools, mainiacjoe_overflow_small_starburst,
          portal_sewer_entry_e, uniq_sigmund, uniq_ijyb, uniq_robin
D:5:      layout_layer_cave, kennysheep_mini,
          minmay_temple_entry_drinking_statues, minmay_hedge_maze,
          dk_rats_in_the_wall, uniq_pikel
D:6:      minmay_goblin_kobold_castle, layout_loops_corners,
          lemuel_doored_altar, mainiacjoe_overflow_catwalk,
          jmf_multi_god_temple, uniq_duvessa
D:7:      layout_loops_corners, nicolae_uskayaw_dance_hall,
          ebering_ghost_disaster_area, uniq_prince_ribbit1
D:8:      layout_cave_pools, lair_entry_dummy, nicolae_diode_intersection
Lair:1:   layout_regular_city, serial_bayou, serial_bayou_pond_a,
          serial_bayou_shore_b, serial_bayou_shore_b, serial_bayou_crossing,
          serial_bayou_lake_a, serial_bayou_pond_e, st_stairs_12,
          kennysheep_abandoned_house

Skill      XL: |  1  2  3  4  5  6  7  8  9 10 |
---------------+-------------------------------+-----
Fighting       | 3 4 5 |  5.9
Unarmed Combat | 4 5 7 9 12 14 15 | 15.3
Dodging        | 3 4 5 6 |  6.1
Stealth        | 1 2 3 |  3.6

Action                     |  1- 3 |  4- 6 |  7- 9 | 10-12 || total
---------------------------+-------+-------+-------+-------++-------
  Melee: Unarmed           |   102 |   104 |   303 |    93 ||   602
         Punch             |     2 |       |    13 |     7 ||    22
 Invoke: Berserk           |       |     3 |     2 |     2 ||     7
         Trog's Hand       |       |     2 |     1 |     1 ||     4
    Use: Scroll            |     2 |     3 |     3 |     1 ||     9
   Stab: Sleeping          |       |     1 |     7 |       ||     8
         Distracted        |       |       |     1 |       ||     1
 Armour: Animal skin       |    63 |    72 |       |       ||   135
         Robe              |       |     7 |   192 |    86 ||   285
  Dodge: Dodged            |    37 |    62 |   144 |    49 ||   292

Table legend: (Time is in decaauts)
 A = Elapsed time spent in this place.
 B = Non-inter-level travel time spent in this place.
 C = Inter-level travel time spent in this place.
 D = Time resting spent in this place.
 E = Time spent auto-exploring this place.
 F = Levels seen in this place.
 G = Mean time per level.
                   A        B        C        D        E       F      G
               +--------+--------+--------+--------+--------+-----+--------+
         Total |   7009 |   6906 |    103 |     76 |   3826 |   9 |  778.8 |
       Dungeon |   6989 |   6886 |    103 |     76 |   3826 |   8 |  873.6 |
          Lair |     20 |     20 |      0 |      0 |      0 |   1 |   20.0 |
               +--------+--------+--------+--------+--------+-----+--------+

Top non-repeatable levels by time:
     D:6: 1274 daAuts
     D:5: 1164 daAuts
     D:7: 1057 daAuts
     D:4: 877 daAuts
     D:3: 862 daAuts
     D:8: 807 daAuts
     D:1: 608 daAuts
     D:2: 338 daAuts
  Lair:1: 20 daAuts
